AoeStats
← Miyamoto

Lombardia

509051495Analyzed
4v4 RM · 7d ago on Sep 25, 2026· 90m 36s· 8 players
Game mode
Random Map
Map size
Large (8 player)
Population
200
Speed
Normal
Resources
Standard
Victory
Conquest
Starting age
Dark Age
Ending age
Imperial Age
RankedLock teamsTeams togetherTeam positionsShared explorationLock speedFull tech treeHidden civsTurbo modeCheats
Victory
Defeat
🇩🇪 Malians · Germany
1172
+15
🇳🇱 Khmer · Netherlands
1111
+17
🇨🇿 Gurjaras · Czechia
1111
+17
🇦🇺 Varangians · Australia
1084
+18
🇹🇼 Poles · Taiwan
1265
-21
🇨🇳 Koreans · China
1105
-16
🇨🇳 Franks · China
1095
-15
🇨🇳 Danes · China
1093
-15
Idle
11:33 Feudal Age
12:57 Double-Bit Axe
15:30 Castle Age
14:00 Horse Collar
16:20 Heavy Plow
16:33 Bow Saw
21:20 Wheelbarrow
22:22 Gold Mining
22:45 Stone Mining
24:40 Fletching
25:55 Gold Shaft Mining
25:58 Stone Shaft Mining
27:18 Hand Cart
26:49 Loom
28:20 Town Watch
31:36 Imperial Age
31:42 Imperial Age
30:00 Forging
30:05 Treadmill Crane
30:34 Scale Barding Armor
31:26 Iron Casting
31:19 Scale Mail Armor
30:44 Light Cavalry
31:36 Bloodlines
31:27 Husbandry
32:02 Cavalier
33:41 Chain Barding Armor
33:49 Farimba
34:10 Conscription
34:35 Chain Mail Armor
35:25 Chemistry
35:59 Crop Rotation
35:39 Man-at-Arms
36:20 Squires
36:05 Arson
35:41 Pikeman
37:03 Town Patrol
37:08 Tigui
36:33 Long Swordsman
37:58 Ballistics
37:48 Masonry
37:08 Two-Handed Swordsman
39:48 Champion
41:04 Plate Barding Armor
41:02 Plate Mail Armor
40:28 Bodkin Arrow
41:10 Architecture
53:48 Caravan
54:00 Guilds
57:06 Heavy Camel Rider
63:42 Murder Holes
79:32 Onager
Miyamoto
11:44 Loom
13:29 Feudal Age
17:06 Castle Age
15:32 Double-Bit Axe
15:29 Horse Collar
18:29 Bow Saw
19:22 Wheelbarrow
19:09 Heavy Plow
26:54 Ballistics
28:50 Hand Cart
33:41 Imperial Age
31:10 Fletching
31:26 Scale Barding Armor
31:32 Forging
31:55 Masonry
31:56 Fortified Wall
31:49 Murder Holes
34:28 Chain Barding Armor
34:43 Iron Casting
34:05 Bodkin Arrow
34:27 Bloodlines
34:17 Husbandry
33:51 Heavy Scorpion
35:13 Conscription
35:45 Siege Engineers
36:43 Chemistry
35:57 Light Cavalry
37:10 Double Crossbow
38:52 Plate Barding Armor
39:18 Blast Furnace
38:24 Bracer
39:45 Architecture
39:39 Hussar
40:52 Fervor
43:45 Crop Rotation
46:06 Caravan
48:25 Cavalier
71:11 Coinage
70:25 Capped Ram
71:13 Town Watch
74:00 Elite Battle Elephant
74:28 Siege Ram
76:20 Hoardings
78:41 Banking
79:23 Elite Ballista Elephant
80:08 Tusk Swords
DESTINNI
6:57 Loom
9:45 Feudal Age
10:28 Double-Bit Axe
10:24 Horse Collar
15:11 Wheelbarrow
19:00 Castle Age
21:19 Bow Saw
21:10 Heavy Plow
24:07 Town Watch
24:23 Stone Mining
24:24 Gold Mining
25:24 Scale Barding Armor
29:57 Bloodlines
29:48 Husbandry
30:37 Scale Mail Armor
30:49 Kshatriyas
32:01 Chain Barding Armor
35:47 Imperial Age
33:32 Hand Cart
33:44 Forging
33:49 Chain Mail Armor
34:53 Town Patrol
36:13 Iron Casting
35:53 Caravan
36:02 Fletching
36:13 Padded Archer Armor
36:51 Conscription
36:40 Thumb Ring
35:56 Elite Elephant Archer
36:50 Elite Shrivamsha Rider
43:18 Plate Barding Armor
43:58 Hoardings
49:50 Murder Holes
50:56 Heavy Camel Rider
51:32 Bodkin Arrow
53:01 Fortified Wall
53:01 Masonry
52:32 Treadmill Crane
53:52 Chemistry
54:12 Siege Elephant
61:24 Frontier Guards
62:16 Bracer
62:32 Leather Archer Armor
62:47 Plate Mail Armor
69:10 Thumb Ring
68:26 Elite Elephant Archer
70:31 Architecture
70:22 Ballistics
ufokinw0tm8
6:14 Loom
11:35 Feudal Age
15:44 Castle Age
14:19 Double-Bit Axe
14:22 Horse Collar
17:16 Bow Saw
17:15 Husbandry
22:15 Heavy Plow
25:08 Wheelbarrow
26:33 Town Watch
26:48 Gold Mining
27:51 Forging
27:46 Scale Barding Armor
27:33 Fletching
28:24 Stone Mining
33:07 Imperial Age
31:32 Hand Cart
32:59 Bodkin Arrow
33:25 Chain Barding Armor
35:49 Conscription
36:49 Plate Barding Armor
36:16 Bracer
36:16 Padded Archer Armor
37:00 Stone Shaft Mining
38:57 Elite Jarl
41:13 Leather Archer Armor
41:34 Iron Casting
44:10 Two-Man Saw
43:43 Crop Rotation
43:43 Town Patrol
47:28 Caravan
49:38 Blast Furnace
49:08 Ring Archer Armor
48:39 Scale Mail Armor
50:39 Elite Varangian Guard
51:20 Squires
52:43 Capped Ram
54:10 Arson
54:45 Chain Mail Armor
54:11 Siege Ram
60:17 Chemistry
62:50 Ballistics
罗添添
2:01 Loom
12:54 Feudal Age
13:53 Double-Bit Axe
14:04 Gold Mining
18:07 Castle Age
17:02 Stone Mining
17:56 Wheelbarrow
20:54 Bow Saw
21:28 Gold Shaft Mining
24:47 Scale Barding Armor
24:55 Forging
29:05 Chain Barding Armor
29:23 Iron Casting
30:14 Hand Cart
31:48 Town Watch
32:43 Pikeman
35:10 Scale Mail Armor
35:19 Town Patrol
35:55 Squires
35:40 Gambesons
35:41 Arson
36:13 Chain Mail Armor
36:50 Caravan
37:22 Coinage
39:50 Imperial Age
37:26 Padded Archer Armor
37:16 Fletching
39:20 Husbandry
39:07 Ordonnance Companies
39:33 Man-at-Arms
40:22 Long Swordsman
41:20 Halberdier
41:23 Two-Handed Swordsman
42:25 Conscription
42:06 Chivalry
42:42 Hoardings
41:41 Cavalier
44:25 Plate Barding Armor
44:50 Blast Furnace
44:21 Plate Mail Armor
43:16 Paladin
43:27 Champion
47:12 Elite Throwing Axeman
48:18 Onager
65:16 Bodkin Arrow
64:57 Elite Throwing Axeman
69:21 Leather Archer Armor
69:11 Light Cavalry
Salkeliet
10:05 Feudal Age
8:20 Loom
10:40 Double-Bit Axe
10:50 Horse Collar
15:13 Gold Mining
17:52 Castle Age
16:41 Arson
17:01 Scale Mail Armor
18:38 Squires
22:30 Wheelbarrow
24:27 Bow Saw
24:38 Forging
25:21 Chain Mail Armor
29:26 Gold Shaft Mining
30:03 Stone Mining
31:30 Hand Cart
32:42 Iron Casting
38:55 Imperial Age
36:17 Gambesons
36:08 Pikeman
a506b8123il
7:45 Loom
10:47 Feudal Age
11:30 Double-Bit Axe
17:48 Castle Age
16:23 Horse Collar
21:11 Stone Mining
24:30 Stone Shaft Mining
25:29 Wheelbarrow
24:39 Town Watch
25:06 Heavy Plow
30:50 Imperial Age
28:56 Gold Mining
30:33 Scale Mail Armor
30:55 Elite Obuch
30:58 Capped Ram
32:49 Chain Mail Armor
32:47 Squires
33:38 Conscription
34:12 Scale Barding Armor
34:24 Siege Engineers
34:50 Hand Cart
35:09 Crop Rotation
34:55 Fortified Wall
35:30 Chain Barding Armor
35:41 Plate Mail Armor
35:22 Forging
36:09 Lechitic Legacy
36:13 Bloodlines
35:24 Light Cavalry
36:05 Husbandry
35:36 Siege Ram
36:42 Bow Saw
38:41 Chemistry
37:22 Treadmill Crane
37:44 Winged Hussar
39:05 Iron Casting
42:08 Blast Furnace
40:59 Fletching
41:32 Ballistics
42:01 Caravan
47:46 Town Patrol
48:57 Coinage
48:57 Bodkin Arrow
49:03 Padded Archer Armor
49:01 Murder Holes
49:16 Masonry
50:05 Szlachta Privileges
49:23 Cavalier
51:19 Bracer
51:34 Leather Archer Armor
52:20 Banking
56:56 Herbal Medicine
62:00 Bombard Tower
61:26 Arrowslits
61:33 Guard Tower
69:25 Keep
70:01 Hoardings
72:16 Sanctity
72:07 Fervor
飞鱼
0:37 Loom
12:00 Feudal Age
17:04 Castle Age
15:56 Fletching
16:00 Double-Bit Axe
16:16 Horse Collar
18:56 Bow Saw
19:26 Wheelbarrow
26:25 Hand Cart
28:52 Fortified Wall
34:16 Imperial Age
33:21 Scale Barding Armor
33:09 Fletching
33:47 Ballistics
33:25 Murder Holes
35:33 Conscription
34:43 Elite War Wagon
35:52 Chain Barding Armor
35:44 Forging
38:03 Chemistry
38:15 Bodkin Arrow
38:57 Iron Casting
41:31 Squires
40:53 Pikeman
41:20 Arson
41:46 Scale Mail Armor
41:47 Bracer
42:07 Halberdier
49:53 Eupseong
51:32 Shinkichon
51:35 Siege Engineers
56:43 Heavy Rocket Cart
58:44 Caravan
58:54 Man-at-Arms
66:00 Chain Mail Armor
67:46 Plate Mail Armor
82:15 Long Swordsman
83:23 Elite Fire Lancer
83:27 Long Swordsman
84:08 Two-Handed Swordsman
85:34 Champion
Connection lost

Rejoining the realm…

Still unreachable

The connection could not be restored.

Session expired

The server has moved on; the page needs a fresh start.